 Dungeon Crawl Stone Soup version 0.28-a0-872-g80cf859 (webtiles) character file.

Game seed: 12071618470809133708

674651 Meow the Archmage (level 27, -7/279 HPs)
             Began as a Naga Ice Elementalist on Nov 20, 2021.
             Was an Initiate of Gozag.
             Killed from afar by a shard shrike (26 damage)
             ... with a shard of ice
             ... on level 24 of a ziggurat.
             The game lasted 04:28:55 (63448 turns).

Meow the Archmage (Naga Ice Elementalist)          Turns: 63448, Time: 04:28:57

Health: -7/279     AC: 38    Str: 16    XL:     27
Magic:  15/54      EV: 11    Int: 27    God:    Gozag
Gold:   19398      SH:  9    Dex: 11    Spells: 18/80 levels left

rFire   + + +      SeeInvis +   a - +10 war axe of Ahitogeph {flame, rC+ Will+ Str+7}
rCold   + + +      Faith    .   w - +3 warlock's mirror {reflect}
rNeg    + + +      Spirit   .   i - +3 salamander hide armour {Flames rF++ rC--}
rPois   ∞          Reflect  +   G - +0 hat of Blue Skies {rN+ rCorr}
rElec   +          Harm     .   J - +2 cloak
rCorr   +          Rampage  .   W - +1 pair of gloves "Igrishraa" {rF+ Regen+}
Will    +++++                   p - +10 Black Knight's barding {ponderous, rPois rN+}
Stlth   ++........              I - amulet of Impatience {RegenMP rElec}
HPRegen 1.56/turn               u - +4 ring of evasion
MPRegen 0.59/turn               O - ring of Ullyhyn {rF+ rC+++ rN+ SInv}

@: lich-form, gold aura, studying 6 skills, very slow
A: draining attack, torment immunity, no potions, AC +9, large, see invisible,
deformed body, poison resistance, slowness 2, spit poison 1, naga tail 2, horns
1, clumsy 1, electricity resistance, weak 1, noise suppression
}: 3/15 runes: decaying, serpentine, silver
a: Spit Poison, End Transformation, Renounce Religion, Potion Petition, Call
Merchant, Bribe Branch


You were on level 24 of a ziggurat.
You worshipped Gozag.
Gozag was extremely pleased with you.
You were an undead lich.
You visited 9 branches of the dungeon, and saw 44 of its levels.
You visited 1 ziggurat, and saw 24 of its levels.
You also visited: Sewer, Bailey, Ice Cave, Volcano and Desolation.

You collected 39546 gold pieces.
You spent 9209 gold pieces at shops.
You paid 10939 gold pieces to Gozag.

Inventory:

Hand Weapons
 a - the +10 war axe of Ahitogeph (weapon) {flame, rC+ Will+ Str+7}
   (You acquired it on level 2 of the Vaults)

   It burns those it strikes, dealing additional fire damage.
   Big, fiery blades are also staple armaments of hydra-hunters.
   Str:       It affects your strength (+7).
   rC:        It protects you from cold.
   Will:      It increases your willpower.
 b - the +9 staff of Wucad Mu {*channel}
   (You acquired it on level 21 of a ziggurat)

   It occasionally powers its wielder's spells, but with a chance of causing
   confusion or draining the wielder's intelligence.
   It becomes more likely to activate and less likely to backfire with increased
   Evocations skill.
 z - the +7 great mace "Undeadhunter" {disrupt, rN+}
   (You found it in the Desolation of Salt)

   It inflicts significantly more damage against the undead.
   rN:        It protects you from negative energy.
 T - the +2 Maxwell's thermic engine {flame, freeze}
   (You found it on level 19 of a ziggurat)

   It burns those it strikes, dealing additional fire damage.
   Big, fiery blades are also staple armaments of hydra-hunters.
   It freezes those it strikes, dealing additional cold damage.
   It can also slow down cold-blooded creatures.
   It becomes more effective when it hits something.
   This effect fades over time.
Missiles
 o - 22 javelins (quivered)
Armour
 i - the +3 salamander hide armour (worn) {Flames rF++ rC--}
   (You took it off a deep elf sorcerer on level 3 of the Elven Halls)

   It surrounds you with a cloud of flames.
   It grants immunity to clouds of flame.
   It enhances your fire magic.
   rF:        It greatly protects you from fire.
   rC:        It makes you very vulnerable to cold.
 p - the +10 Black Knight's barding (worn) {ponderous, rPois rN+}
   (You acquired it on level 9 of the Dungeon)

   rPois:     It protects you from poison.
   rN:        It protects you from negative energy.
 r - +4 pearl dragon scales
 w - the +3 warlock's mirror (worn) {reflect}
   (You bought it in a shop on level 1 of the Orcish Mines)

   It can block and reflect piercing ranged attacks and magical attacks against
   the wielder's willpower.
 G - the +0 hat of Blue Skies (worn) {rN+ rCorr}
   (You found it in an ice cave)

   rN:        It protects you from negative energy.
   rCorr:     It protects you from acid and corrosion.
 J - a +2 cloak (worn)
 M - the +15 Maxwell's patent armour {-Cast -Tele rElec Will+ rCorr}
   (You found it on level 9 of a ziggurat)

   rElec:     It insulates you from electricity.
   -Cast:     It prevents spellcasting.
   -Tele:     It prevents most forms of teleportation.
   rCorr:     It protects you from acid and corrosion.
   Will:      It increases your willpower.
 W - the +1 pair of gloves "Igrishraa" (worn) {rF+ Regen+}
   (You bought it in a shop on level 1 of the Orcish Mines)

   rF:        It protects you from fire.
   Regen:     It increases your rate of health regeneration.
Jewellery
 d - the ring "Meprug" {rC++ rN+ Str+6}
   (You found it on level 15 of a ziggurat)

   [ring of strength]

   Str:       It affects your strength (+6).
   rC:        It greatly protects you from cold.
   rN:        It protects you from negative energy.
 e - the amulet of the Marlin {Reflect rC+ Regen+ SH+5 Stlth+}
   (You found it on level 4 of a ziggurat)

   [amulet of reflection]

   It reflects blocked missile attacks.
   rC:        It protects you from cold.
   Regen:     It increases your rate of health regeneration.
   SH:        It affects your SH (+5).
   Stlth:     It makes you more stealthy.
 k - the amulet of Hoonniem {RegenMP rF+ Str+3}
   (You found it on level 22 of a ziggurat)

   [amulet of magic regeneration]

   It increases your rate of magic regeneration.
   Str:       It affects your strength (+3).
   rF:        It protects you from fire.
 u - a +4 ring of evasion (left hand)
 y - the ring of Eqekk {Fly rElec rF+++ rC+ Dex-4}
   (You found it on level 18 of a ziggurat)

   [ring of protection from cold]

   Dex:       It affects your dexterity (-4).
   rF:        It renders you almost immune to fire.
   rC:        It protects you from cold.
   rElec:     It insulates you from electricity.
   Fly:       It grants you flight.
 I - the amulet of Impatience (around neck) {RegenMP rElec}
   (You bought it in a shop on level 1 of the Vaults)

   [amulet of magic regeneration]

   It increases your rate of magic regeneration.
   rElec:     It insulates you from electricity.
 K - the amulet "Isatoada" {RegenMP rF+}
   (You found it on level 22 of a ziggurat)

   [amulet of magic regeneration]

   It increases your rate of magic regeneration.
   rF:        It protects you from fire.
 O - the ring of Ullyhyn (right hand) {rF+ rC+++ rN+ SInv}
   (You found it in an ice cave)

   [ring of protection from fire]

   rF:        It protects you from fire.
   rC:        It renders you almost immune to cold.
   rN:        It protects you from negative energy.
   SInv:      It lets you see invisible.
Wands
 s - a wand of digging (5)
 t - a wand of acid (56)
 U - a wand of iceblast (62)
Scrolls
 c - 6 scrolls of enchant armour
 f - 11 scrolls of fear
 g - 21 scrolls of teleportation
 l - 9 scrolls of enchant weapon
 m - 45 scrolls of identify
 n - 4 scrolls of holy word
 E - 5 scrolls of summoning
 Q - 16 scrolls of magic mapping
 R - 9 scrolls of amnesia
 S - 13 scrolls of fog
 X - a scroll of silence
Potions
 j - 10 potions of cancellation
 A - 19 potions of mutation
 B - 11 potions of brilliance
 C - 5 potions of resistance
 F - 10 potions of magic
 H - 2 potions of ambrosia
 L - 11 potions of haste
 N - 9 potions of flight
 P - 14 potions of curing
 V - 5 potions of might
 Y - 5 potions of lignification
 Z - 2 potions of berserk rage
Miscellaneous
 h - a phantom mirror
 D - a box of beasts


   Skills:
 + Level 22.4 Fighting
 - Level 18.0 Axes
 - Level 1.5 Dodging
 - Level 3.0 Stealth
 - Level 9.0 Shields
 O Level 27 Spellcasting
 - Level 18.1 Conjurations
 + Level 16.1 Necromancy
 + Level 11.8 Transmutations
 + Level 2.6 Fire Magic
 - Level 24.1 Ice Magic


You had 18 spell levels left.
You knew the following spells:

 Your Spells              Type           Power      Damage    Failure   Level
a - Freeze                Ice            100%       1d11      0%          1
c - Lightning Bolt        Conj/Air       35%        1d53      1%          5
d - Infestation           Necr           55%        N/A       9%          8
e - Necromutation         Tmut/Necr      53%        N/A       21%         8
f - Frozen Ramparts       Ice            100%       1d12      0%          3
g - Orb of Destruction    Conj           47%        9d15      1%          7
s - Ozocubu's Armour      Ice            100%       N/A       0%          3
t - Irradiate             Conj/Tmut      43%        3d27      1%          5
v - Polar Vortex          Ice            52%        N/A       4%          9
F - Ignition              Fire           33%        3d10      100%        8
G - Metabolic Englaciati  Hex/Ice        39%        N/A       1%          5

Your spell library contained the following spells:

 Spells                   Type           Power      Damage    Failure   Level
 Animate Skeleton         Necr           100%       N/A       0%          1
 Beastly Appendage        Tmut           100%       N/A       0%          1
 Foxfire                  Conj/Fire      100%       2x1d9     0%          1
 Magic Dart               Conj           100%       1d8       0%          1
 Ensorcelled Hibernation  Hex/Ice        100%       N/A       0%          2
 Searing Ray              Conj           100%       2d8       0%          2
 Sublimation of Blood     Necr           100%       N/A       0%          2
 Wereblood                Tmut           79%        N/A       0%          2
 Vampiric Draining        Necr           100%       2d13      0%          3
 Animate Dead             Necr           55%        N/A       0%          4
 Dispel Undead            Necr           100%       3d31      0%          4
 Hailstorm                Conj/Ice       100%       3d20      0%          4
 Ice Form                 Ice/Tmut       93%        N/A       0%          4
 Iskenderun's Battlesphe  Conj           94%        2d14      0%          5
 Apportation              Tloc           72%        N/A       1%          1
 Sandblast                Erth           72%        2d16      1%          1
 Shock                    Conj/Air       100%       1d9       1%          1
 Slow                     Hex            100%       N/A       1%          1
 Summon Small Mammal      Summ           100%       N/A       1%          1
 Blink                    Tloc           72%        N/A       1%          2
 Corpse Rot               Necr/Air       100%       N/A       1%          2
 Passwall                 Tmut/Erth      51%        N/A       1%          2
 Poisonous Vapours        Pois/Air       72%        N/A       1%          2
 Scorch                   Fire           100%       2d10      1%          2
 Static Discharge         Conj/Air       71%        N/A       1%          2
 Conjure Flame            Conj/Fire      95%        6-21      1%          3
 Dazzling Flash           Conj/Hex       100%       N/A       1%          3
 Ignite Poison            Fire/Tmut/Pois 76%        N/A       1%          3
 Inner Flame              Hex/Fire       60%        N/A       1%          3
 Mephitic Cloud           Conj/Pois/Air  62%        N/A       1%          3
 Spider Form              Tmut/Pois      62%        N/A       1%          3
 Stone Arrow              Conj/Erth      100%       3d13      1%          3
 Flame Wave               Conj/Fire      95%        3d16      1%          4
 Fulminant Prism          Conj/Hex       35%        3d18      1%          4
 Iskenderun's Mystic Bla  Conj/Tloc      71%        2d14      1%          4
 Petrify                  Tmut/Erth      62%        N/A       1%          4
 Sticky Flame             Conj/Fire      95%        2d10      1%          4
 Agony                    Necr           100%       N/A       1%          5
 Blade Hands              Tmut           39%        N/A       1%          5
 Borgnjor's Vile Clutch   Necr/Erth      44%        N/A       1%          5
 Excruciating Wounds      Necr           55%        N/A       1%          5
 Fireball                 Conj/Fire      47%        3d19      1%          5
 Freezing Cloud           Conj/Ice/Air   42%        6-21      1%          5
 Death Channel            Necr           55%        N/A       1%          6
 Simulacrum               Ice/Necr       60%        N/A       1%          6
 Starburst                Conj/Fire      47%        6d13      1%          6
 Call Canine Familiar     Summ           36%        N/A       2%          3
 Confusing Touch          Hex            36%        N/A       2%          3
 Gell's Gravitas          Tloc           36%        N/A       2%          3
 Portal Projectile        Hex/Tloc       72%        N/A       2%          3
 Summon Guardian Golem    Hex/Summ       36%        N/A       2%          3
 Swiftness                Air            36%        N/A       2%          3
 Teleport Other           Tloc           36%        N/A       2%          3
 Tukima's Dance           Hex            36%        N/A       2%          3
 Alistair's Intoxication  Tmut/Pois      41%        N/A       2%          5
 Yara's Violent Unravell  Hex/Tmut       31%        3d13      2%          5
 Conjure Ball Lightning   Conj/Air       35%        3x3d11    3%          6
 Iron Shot                Conj/Erth      35%        9d7       3%          6
 Dragon Form              Tmut           39%        N/A       6%          7
 Airstrike                Air            18%        N/A       9%          4
 Animate Armour           Summ/Erth      72%        N/A       9%          4
 Leda's Liquefaction      Hex/Erth       18%        N/A       9%          4
 Olgreb's Toxic Radiance  Pois           36%        N/A       9%          4
 Passage of Golubria      Tloc           36%        N/A       9%          4
 Summon Lightning Spire   Summ/Air       36%        N/A       9%          4
 Borgnjor's Revivificati  Necr           55%        N/A       9%          8
 Eringya's Noxious Bog    Tmut/Pois      31%        N/A       13%         6
 Statue Form              Tmut/Erth      41%        N/A       13%         6
 Spellforged Servitor     Conj/Summ      35%        N/A       19%         7
 Lee's Rapid Deconstruct  Erth           18%        3d12*     26%         5
 Manifold Assault         Tloc           36%        N/A       26%         5
 Silence                  Hex/Air        18%        N/A       26%         5
 Haunt                    Necr/Summ      44%        N/A       28%         7
 Storm Form               Tmut/Air       31%        N/A       56%         7
 Death's Door             Necr           55%        N/A       77%         9
 Summon Cactus Giant      Summ           18%        N/A       80%         6
 Lehudib's Crystal Spear  Conj/Erth      35%        10d9      83%         8
 Malign Gateway           Summ/Tloc      18%        N/A       100%        7
 Summon Hydra             Summ           18%        N/A       100%        7
 Maxwell's Capacitive Co  Air            18%        ∞         100%        8
 Summon Horrible Things   Summ           18%        N/A       100%        8
 Chain Lightning          Conj/Air       35%        3d47      100%        9
 Fire Storm               Conj/Fire      47%        8d12      100%        9
 Shatter                  Erth           18%        3d17*     100%        9


Dungeon Overview and Level Annotations

Branches:
Dungeon (15/15)            Temple (1/1) D:5            Lair (6/6) D:10
  Swamp (4/4) Lair:2        Snake (4/4) Lair:4        Slime (0/5) Lair:5
    Orc (2/2) D:10            Elf (3/3) Orc:2        Vaults (5/5) D:13
  Crypt (0/3) Vaults:3     Depths (4/4) D:15            Zot (0/5) Depths:4
  Sewer (visited)          Bailey (visited)           IceCv (visited)
Volcano (visited)         Desolation (visited)

Altars:
Ashenzari
Cheibriados
Dithmenos
Elyvilon
Fedhas
Gozag
Hepliaklqana
Kikubaaqudgha
Makhleb
Nemelex Xobeh
Okawaru
Qazlal
Ru
Sif Muna
Trog
Uskayaw
Vehumet
Wu Jian
Xom
Yredelemnul
Zin
The Shining One
Beogh
Jiyva

Shops:
D:8 [   D:15 :   Orc:1 [=[*[***[=   Orc:2 :[*!   Elf:1 ?   Elf:3 *   Snake:1 *
Snake:3 ?:*=*   Snake:4 !   Vaults:1 ===*?   Vaults:2 !   Vaults:4 *
Depths:4 (

Portals:
Hell: Depths:1 Depths:2 Depths:3 Depths:4
Abyss: D:10 Depths:1 Depths:2 Depths:3
Pandemonium: Depths:2

Annotations:
D:2 1 runed translucent door, Crazy Yiuf
Depths:3 1 transporter


Innate Abilities, Weirdness & Mutations

You are an undead lich.
Your unarmed attacks are suffused with negative energy.
You are immune to unholy pain and torment.
Your necromantic spells are more powerful.
You cannot drink.
Your serpentine skin is tough. (AC +9)
You have supernaturally acute eyesight. (SInv)
Armour fits poorly on your strangely shaped body.
Your system is resistant to poisons. (rPois)
You cover ground very slowly.
You can spit poison.
You can use your snake-like lower body to constrict enemies.
You have a pair of small horns on your head.
You are clumsy. (Dex -2)
You are resistant to electric shocks. (rElec)
You are weak. (Str -2)
You passively dampen the noise of your surroundings.


Message History

The wendigo howls!
The frost giant is engulfed in blazing flames.
Unknown command.
The frost giant is distracted by your dazzling golden aura.
The hellion gestures at you.
The sphere of damnation explodes!
The damnation engulfs you!!
* * * LOW HITPOINT WARNING * * *
The frost giant shouts!
Unknown command.
You cannot drink potions in your current state!
As you read the scroll of fog, it crumbles to dust.
The scroll dissolves into smoke.
The frost giant is no longer distracted by gold.
The winds around you start to calm down.
You float gracefully downwards.
Your surroundings suddenly seem different.
An Ice Fiend, a simulacrum, a shard shrike and a nargun come into view.
Found five items.
The Ice Fiend roars!
The shard shrike screeches!
A tormentor comes into view.
The sphinx simulacrum is distracted by your dazzling golden aura.
You cannot drink potions in your current state!
Found six items.
The shard shrike is engulfed in blazing flames.
You block the shard shrike's attack.
The shard shrike is engulfed in blazing flames.
The nargun is distracted by your dazzling golden aura.
An Ice Fiend comes into view.
Unknown command.
Unknown command.
Unknown command.
A nargun comes into view.
Found six items.
The winds around you calm down.
The Ice Fiend roars!
The nargun is no longer distracted by gold.
The shard shrike spits a shard of ice at you.
The shard of ice hits you!! You partially resist.
You die...
Your body crumbles into a pile of gold.

▓.....98.8^....
......88188.....
.................
......88.88...........88
......^8.8^...........^8
........................
......○○○...............
))....§L°○......2......$
"=|...§○○☼...1..........
???....☼☼°..........$...
$|?....b................
))|.............$..R..$1
}||........R9.......$..L
.................$...§.§
................$.......
.......................


You could see a shard shrike (catching breath), 2 Ice Fiends, a wendigo
(wandering) and 2 narguns.

Vanquished Creatures
  6 ancient liches
  8 dread liches
  13 juggernauts
  2 royal mummies (Zig:10)
  Boris (Vaults:5)
  3 shard shrikes (Zig:24)
  Vashnia (Snake:3)
  3 Killer Klowns
  7 golden dragons
  A caustic shrike (Depths:3)
  Nikola (Swamp:1)
  2 pandemonium lords
  A bone dragon (Depths:4)
  Jory (Vaults:4)
  4 iron giants (Zig:22)
  Rupert (Snake:1)
  12 hellephants
  5 Brimstone Fiends
  Jorgrun (Swamp:1)
  5 liches
  6 tentacled monstrosities
  12 searing wretches
  Mlioglotl (Snake:2)
  An Ice Fiend (Zig:24)
  10 titans
  A quicksilver dragon (Vaults:5)
  An acid blob (Elf:3)
  Asterion (Snake:3)
  5 deep elf blademasters
  4 deep elf master archers
  11 sphinxes
  2 thorn hunters (Swamp:3)
  A sphinx (shapeshifter) (Zig:7)
  The ghost of Dazed the Spry, an adept VSFi of Okawaru (Elf:3)
  Agnes (D:15)
  5 storm dragons
  13 tengu reavers
  Donald (Vaults:2)
  4 rockslimes
  5 azure jellies
  A shadow dragon (Vaults:5)
  4 draconian knights
  20 fire giants
  5 draconian monks (Zig:21)
  23 frost giants
  7 nagarajas
  19 deep elf sorcerers
  8 draconian scorchers
  8 narguns (Zig:24)
  Aizul (Vaults:4)
  8 orc warlords
  18 balrugs
  22 vault wardens
  An iron dragon (Depths:4)
  2 spectral caustic shrikes (Depths:4)
  A curse skull (Zig:17)
  3 draconian stormcallers
  6 draconian shifters
  15 ironbound preservers
  4 deep elf elementalists (Elf:3)
  An angel (Depths:2)
  4 spriggan defenders
  A demonspawn corrupter (Zig:6)
  19 very ugly things
  12 draconian annihilators
  3 quicksilver oozes (IceCv)
  34 stone giants
  6 war gargoyles
  3 demonspawn blood saints
  16 deep elf demonologists
  A vampire knight (Depths:2)
  A demonspawn black sun (Zig:6)
  3 halazid warlocks (Desolation)
  Nessos (D:15)
  15 deep elf annihilators
  5 bunyips
  3 green draconians
  4 black draconians
  2 entropy weavers (Vaults:2)
  5 white draconians
  11 spark wasps
  4 wendigos (Zig:24)
  2 purple draconians
  5 red draconians
  14 dire elephants
  4 yellow draconians
  A blizzard demon (Zig:6)
  5 merfolk javelineers (Zig:18)
  5 eleionomae
  7 deep elf death magi
  22 ettins
  A crystal guardian (Desolation)
  A mummy priest (Zig:10)
  5 fire dragons
  A merfolk impaler (Zig:18)
  Josephine (D:15)
  2 shambling mangroves (Swamp:4)
  26 yaktaur captains
  9 servants of whispers (Desolation)
  6 great orbs of eyes
  17 deep elf high priests
  3 rakshasas
  The ghost of mbeke the Spear-Bearer, a journeyman HOFi of Beogh (D:10)
  12 naga warriors
  10 ragged hierophants (Desolation)
  3 boulder beetles
  12 ironbound thunderhulks
  8 peacekeepers (Desolation)
  11 salamander tyrants
  9 ice dragons
  5 ogre magi
  8 spriggan air magi
  35 vault guards
  A ghost crab (Swamp:3)
  6 ironbound frosthearts
  2 stokers (Zig:19)
  An ice dragon (shapeshifter) (Vaults:5)
  16 anacondas
  11 centaur warriors
  29 hydras
  5 merfolk avatars (Zig:18)
  2 catoblepae
  2 death knights (Vaults:3)
  8 death yaks (Lair:6)
  A death scarab (Zig:10)
  3 deep troll shamans
  3 two-headed ogres
  4 hell hogs
  A satyr (Zig:18)
  A deep troll earth mage (Depths:2)
  11 alligators
  5 merfolk aquamancers
  8 spriggan berserkers
  9 shock serpents
  5 tengu warriors
  31 deep elf knights
  A soul eater (Depths:2)
  30 spriggans
  16 orc high priests
  25 naga sharpshooters
  Sonja (Lair:2)
  9 iron trolls
  13 hell knights
  A sixfirhy (Zig:6)
  7 salamander mystics
  7 skeletal warriors
  30 deep trolls
  6 sea snakes (Zig:18)
  6 spriggan druids
  3 goliath frogs
  37 deep elf archers
  10 orc knights
  A lindwurm (shapeshifter) (Zig:7)
  13 naga ritualists
  14 swamp dragons
  2 flayed ghosts (Vaults:5)
  4 glowing orange brains
  28 ironbound convokers
  13 wizards
  2 orange crystal statues (IceCv)
  12 phantasmal warriors
  3 bog bodies
  An anaconda skeleton (Volcano)
  5 harpies (Zig:18)
  10 lindwurms
  44 deep elf pyromancers
  A tengu zombie (Vaults:2)
  8 mana vipers
  12 necromancers
  35 ugly things
  2 wolf spiders (shapeshifter) (Vaults:5)
  The ghost of alcopop the Magician, a novice DsCA of Ignis (D:7)
  14 orc sorcerers
  45 deep elf zephyrmancers
  A mana viper (shapeshifter) (Zig:5)
  A cyclops (shapeshifter) (Zig:7)
  A salamander (shapeshifter) (D:10)
  9 manticores
  11 cyclopes
  5 will-o-the-wisps
  A merfolk siren (Zig:18)
  23 salamanders
  A shining eye (Zig:4)
  A tengu skeleton (Vaults:2)
  A shining eye (shapeshifter) (Zig:14)
  A black mamba (shapeshifter) (D:12)
  A faun (shapeshifter) (Zig:14)
  2 frost giant skeletons (Zig:10)
  2 toenail golems (D:10)
  12 guardian serpents
  A guardian serpent (shapeshifter) (Zig:7)
  A rust devil (Depths:2)
  A human skeleton (Vaults:2)
  12 moths of wrath
  45 black mambas
  A fire giant skeleton (Vaults:4)
  Maurice (Orc:2)
  5 molten gargoyles (Desolation)
  An orange demon (Depths:2)
  5 water nymphs (Zig:18)
  17 vault sentinels
  12 cane toads
  2 apocalypse crabs (Zig:7)
  2 smoke demons (Depths:2)
  21 elephants
  15 naga magi
  4 gargoyles (Volcano)
  A torpor snail (shapeshifter) (Zig:7)
  2 torpor snails (Lair:6)
  A rime drake (Lair:6)
  An elf skeleton (Vaults:2)
  34 yaktaurs
  The ghost of mort the Sneak, a novice OpMo of Makhleb (D:4)
  Maggie (Lair:1)
  A kobold demonologist (D:13)
  11 komodo dragons
  6 entropy weaver simulacra (IceCv)
  3 tengu conjurers
  5 hellions
  3 tormentors (Zig:17)
  A hellwing (Depths:2)
  3 freezing wraiths
  A red devil (Depths:2)
  5 trolls
  7 very ugly thing simulacra (IceCv)
  A queen bee (Lair:1)
  3 guardian mummies (Zig:10)
  3 polar bears
  21 merfolk (Zig:18)
  3 meliai (D:15)
  12 tyrant leeches
  A hornet (shapeshifter) (Vaults:5)
  11 dream sheep
  12 blink frogs
  67 saltlings (Desolation)
  A raiju (shapeshifter) (Zig:11)
  A slime creature (shapeshifter) (Vaults:5)
  3 harpy skeletons (Volcano)
  A stone giant simulacrum (Vaults:2)
  13 hornets
  63 slime creatures
  A snapping turtle (shapeshifter) (Elf:1)
  A frost giant simulacrum (Vaults:4)
  2 snapping turtles (Zig:18)
  8 air elementals
  7 flying skulls
  7 redbacks
  52 yaks
  A wyvern (shapeshifter) (Zig:16)
  A ynoxinul (Zig:6)
  14 water elementals
  A shadow (D:11)
  A tarantella (Vaults:2)
  5 wraiths
  An ettin skeleton (Vaults:2)
  A spriggan simulacrum (Zig:10)
  4 fire elementals
  3 ushabtiu (Zig:10)
  2 alligator skeletons (Volcano)
  A neqoxec (Depths:2)
  Eustachio (D:5)
  A steam dragon (shapeshifter) (Zig:23)
  An elf zombie (Vaults:2)
  6 wyverns
  A tarantella (shapeshifter) (Depths:1)
  5 basilisks
  3 vampire mosquitoes
  2 chaos spawn
  Edmund (D:4)
  2 steam dragons
  16 swamp worms
  5 wargs
  A demonic crawler simulacrum (IceCv)
  A swamp worm (shapeshifter) (Vaults:5)
  4 acid dragons
  46 nagas
  An ogre skeleton (Vaults:2)
  11 water moccasins
  2 floating eyes (shapeshifter) (Zig:23)
  66 orc warriors
  5 ice beasts
  16 ogres
  A black bear (Lair:5)
  4 swamp drakes
  A necrophage (D:4)
  2 ugly thing simulacra (IceCv)
  8 boggarts
  62 wolves
  28 centaurs
  2 phantoms
  A small abomination (D:10)
  5 kobold brigands (D:13)
  13 bullfrogs
  4 earth elementals
  A gnoll sergeant (D:10)
  2 scorpions (D:5)
  2 spriggan skeletons (Volcano)
  29 killer bees
  4 wights (D:7)
  2 troll skeletons (Volcano)
  An electric eel (Elf:3)
  4 howler monkeys
  3 centaur zombies
  2 bullfrog zombies
  4 hounds
  2 jellies
  3 bullfrog skeletons
  6 centaur skeletons
  16 orc priests
  2 gnoll shamans
  Ijyb (D:3)
  Jessica (D:3)
  Terence (D:2)
  Natasha (thrice) (D:2)
  3 iguanas
  18 orc wizards
  7 hell rats (Lair:6)
  A killer bee zombie (D:5)
  2 centaur simulacra (D:4)
  A naga skeleton (Volcano)
  2 scorpion simulacra (D:4)
  A hound skeleton (D:4)
  8 mummies (Zig:10)
  A howler monkey zombie (D:9)
  Robin (D:3)
  4 gnolls (D:10)
  7 adders
  3 river rats (Sewer)
  A hound simulacrum (D:4)
  2 shadow imps
  A white imp (D:6)
  An ufetubus (D:5)
  An adder skeleton (D:4)
  6 worms
  4 dart slugs
  2 adder simulacra (D:4)
  95 orcs
  18 ball pythons
  5 endoplasms
  4 giant cockroaches
  11 hobgoblins
  3 jackals (D:2)
  14 kobolds
  4 quokkas
  9 bats
  5 frilled lizards
  23 goblins
  30 rats
  A spectral kobold (D:6)
  3 briar patches (Swamp:3)
  21 bushes (Depths:2)
2757 creatures vanquished.

Vanquished Creatures (others)
  2 fire giants
  A war gargoyle (Zig:23)
  A vault guard (Vaults:5)
  31 dancing weapons
  A deep elf knight (Elf:3)
  A storm dragon simulacrum (Zig:24)
  A hellion (Depths:2)
  A boggart (Vaults:3)
  An orc wizard (Orc:2)
  3 orcs (Orc:2)
  9 ball lightnings (Zig:1)
  37 bushes
  10 foxfires
  34 fungi
  51 plants
  A withered plant (Desolation)
185 creatures vanquished.

Grand Total: 2942 creatures vanquished

Notes
Turn   | Place    | Note
-------+----------+-------------------------------------------
     0 | D:1      | Meow the Naga Ice Elementalist began the quest for the Orb.
     0 | D:1      | Reached XP level 1. HP: 15/15 MP: 3/3
   337 | D:1      | Reached XP level 2. HP: 22/22 MP: 5/5
  1146 | D:2      | Reached XP level 3. HP: 28/28 MP: 6/6
  1150 | D:2      | Learned a level 3 spell: Frozen Ramparts
  1154 | D:2      | Learned a level 3 spell: Ozocubu's Armour
  1258 | D:2      | Found a runed translucent door.
  1259 | D:2      | Noticed Crazy Yiuf
  1483 | D:2      | Reached skill level 3 in Spellcasting
  1599 | D:2      | Noticed Natasha
  1606 | D:2      | Killed Natasha
  1607 | D:2      | Reached XP level 4. HP: 32/36 MP: 3/8
  1761 | D:2      | Noticed Terence
  1766 | D:2      | Killed Terence
  1767 | D:2      | Reached skill level 5 in Ice Magic
  1971 | D:2      | Reached XP level 5. HP: 38/42 MP: 6/10
  2337 | D:3      | Noticed Jessica
  2339 | D:3      | Found a faded altar of an unknown god.
  2348 | D:3      | Killed Jessica
  2617 | D:3      | Reached skill level 4 in Spellcasting
  2699 | D:3      | Found a basalt altar of Yredelemnul.
  3099 | D:3      | Noticed Ijyb
  3113 | D:3      | Killed Ijyb
  3114 | D:3      | Reached XP level 6. HP: 49/49 MP: 4/12
  3227 | D:3      | Noticed Robin
  3240 | D:3      | Killed Robin
  3540 | D:2      | Noticed Natasha
  3546 | D:2      | Killed Natasha
  3768 | D:2      | Noticed Natasha
  3778 | D:2      | Killed Natasha
  3922 | D:4      | Noticed a necrophage
  3932 | D:4      | Killed a necrophage
  3933 | D:4      | Reached XP level 7. HP: 47/55 MP: 7/14
  3935 | D:4      | Found a runed translucent gate.
  3935 | D:4      | Found a runed translucent gate.
  3935 | D:4      | Found a runed translucent gate.
  3983 | D:4      | Found a glowing drain.
  4014 | Sewer    | Entered a sewer
  4055 | Sewer    | Reached skill level 5 in Spellcasting
  4302 | Sewer    | Learned a level 4 spell: Hailstorm
  4449 | D:4      | Noticed Edmund
  4462 | D:4      | Killed Edmund
  4556 | D:4      | Reached XP level 8. HP: 61/62 MP: 13/16
  4589 | D:4      | Reached skill level 6 in Spellcasting
  5040 | D:4      | Noticed mort's ghost (novice OpMo)
  5098 | D:5      | Entered Level 5 of the Dungeon
  5173 | D:5      | Found a blossoming altar of Fedhas.
  5259 | D:5      | Noticed Eustachio
  5269 | D:5      | Killed Eustachio
  5270 | D:5      | Reached skill level 1 in Fighting
  5270 | D:5      | Reached skill level 1 in Shields
  5270 | D:5      | Reached skill level 1 in Conjurations
  5454 | D:5      | Found a staircase to the Ecumenical Temple.
  5459 | Temple   | Entered the Ecumenical Temple
  5519 | Temple   | Became a worshipper of Gozag Ym Sagoz the Greedy
  5822 | D:5      | Found a radiant altar of Vehumet.
  5828 | D:5      | Found a shimmering altar of Xom.
  5842 | D:5      | Reached XP level 9. HP: 52/74 MP: 12/18
  5978 | D:5      | Found a stormy altar of Qazlal.
  6159 | D:5      | Found an iron altar of Okawaru.
  6808 | D:6      | Identified the +0 scale mail of the Lumpy Brambles {rF+}
  6841 | D:6      | Found a hazy altar of Hepliaklqana.
  7250 | D:7      | Found a broken altar of Ashenzari.
  7300 | D:7      | Found a runed translucent gate.
  7300 | D:7      | Found a runed translucent gate.
  7300 | D:7      | Found a runed translucent gate.
  7301 | D:7      | Noticed alcopop's ghost (novice DsCA)
  7321 | D:7      | Identified 2 scrolls of acquirement
  7321 | D:7      | Acquired 756 gold pieces
  7340 | D:7      | Found a flagged portal.
  7349 | Bailey   | Entered a bailey
  7916 | Bailey   | Reached skill level 5 in Fighting
  8405 | Bailey   | Reached skill level 7 in Spellcasting
  8405 | Bailey   | Reached XP level 10. HP: 64/88 MP: 7/20
  9842 | D:7      | Identified the +6 scale mail of Guaget {rPois rC+++ MP-9
                  | Int-4}
 10098 | D:8      | Found a hide-covered altar of Uskayaw.
 10141 | D:8      | Reached skill level 5 in Shields
 10378 | D:8      | Noticed a white ugly thing
 10409 | D:9      | Acquired 501 gold pieces
 10412 | D:9      | Acquired the +10 Black Knight's barding {ponderous, rPois
                  | rN+}
 10412 | D:9      | Found the +10 Black Knight's barding {ponderous, rPois rN+}
 10559 | D:9      | Found a sparkling altar of Nemelex Xobeh.
 11235 | D:9      | Found a shimmering blue altar of Sif Muna.
 11685 | D:10     | Entered Level 10 of the Dungeon
 11688 | D:10     | Found a staircase to the Lair.
 11879 | D:10     | Found a transporter.
 11886 | D:10     | Noticed a toenail golem
 11886 | D:10     | Noticed a toenail golem
 11894 | D:10     | Noticed a hell hog
 11895 | D:10     | Noticed mbeke's ghost (journeyman HOFi)
 11900 | D:10     | Found a one-way gate to the infinite horrors of the Abyss.
 11929 | D:10     | Learned a level 5 spell: Irradiate
 11996 | D:10     | Found a glowing golden altar of the Shining One.
 12094 | D:10     | Noticed a centaur warrior
 12120 | D:10     | Killed a centaur warrior
 12121 | D:10     | Reached skill level 5 in Conjurations
 12121 | D:10     | Reached XP level 11. HP: 52/100 MP: 7/22
 12232 | D:10     | Found a staircase to the Orcish Mines.
 12616 | D:10     | Reached skill level 8 in Spellcasting
 12775 | Lair:1   | Entered Level 1 of the Lair of Beasts
 12862 | Orc:1    | Entered Level 1 of the Orcish Mines
 13112 | Orc:1    | Found Ikalybam's Jewellery Shoppe.
 13305 | Orc:1    | Bought the +1 pair of gloves "Igrishraa" {rF+ Regen+} for
                  | 329 gold pieces
 13419 | Orc:1    | Bought an embroidered robe for 81 gold pieces
 13556 | Lair:1   | Noticed a four-headed hydra
 13562 | Lair:1   | Killed a four-headed hydra
 13563 | Lair:1   | Reached skill level 10 in Ice Magic
 13649 | Lair:1   | Noticed Maggie
 13657 | Lair:1   | Killed Maggie
 13894 | Lair:1   | Reached XP level 12. HP: 110/111 MP: 24/24
 14465 | Lair:2   | Noticed a five-headed hydra
 14475 | Lair:2   | Killed a five-headed hydra
 14614 | Lair:2   | Reached skill level 9 in Spellcasting
 14843 | Lair:2   | Noticed Sonja
 14859 | Lair:2   | Killed Sonja
 14958 | Lair:2   | Noticed a four-headed hydra
 15042 | Lair:2   | Killed a four-headed hydra
 15072 | Lair:2   | Found a staircase to the Swamp.
 15233 | Lair:3   | Noticed a six-headed hydra
 15243 | Lair:3   | Killed a six-headed hydra
 15257 | Lair:3   | Noticed an eight-headed hydra
 15464 | Lair:3   | Gained mutation: You can use your snake-like lower body to
                  | constrict enemies. [Naga growth]
 15464 | Lair:3   | Reached XP level 13. HP: 112/123 MP: 20/26
 15638 | Lair:3   | Reached skill level 10 in Fighting
 15638 | Lair:3   | Reached skill level 10 in Spellcasting
 16160 | Lair:4   | Found a dark tunnel.
 16168 | Volcano  | Entered a volcano
 16901 | Lair:4   | Reached skill level 10 in Conjurations
 16953 | Lair:4   | Found a staircase to the Snake Pit.
 17960 | Lair:5   | Found a viscous altar of Jiyva.
 17960 | Lair:5   | Found a staircase to the Slime Pits.
 18003 | Lair:5   | Reached XP level 14. HP: 136/136 MP: 28/28
 18087 | Lair:5   | Reached skill level 11 in Spellcasting
 18226 | Lair:5   | Identified the +0 rapier of Youthful Indiscretion {holy,
                  | Str+3}
 18674 | Lair:6   | Entered Level 6 of the Lair of Beasts
 18959 | Lair:6   | Reached skill level 12 in Spellcasting
 19407 | Lair:6   | Reached XP level 15. HP: 83/144 MP: 31/31
 19577 | Lair:6   | Learned a level 5 spell: Lightning Bolt
 19916 | D:11     | Learned a level 5 spell: Fireball
 20673 | Orc:2    | Entered Level 2 of the Orcish Mines
 20793 | Orc:2    | Found a staircase to the Elven Halls.
 20820 | Orc:2    | Noticed Maurice
 20879 | Orc:2    | Killed Maurice
 21385 | Orc:2    | Found Ukheusy's Assorted Antiques.
 21385 | Orc:2    | Found Tofaug's Armour Boutique.
 21387 | Orc:2    | Found Feomn's Book Shop.
 21389 | Orc:2    | Found Qaoc's Distillery.
 21396 | Orc:2    | Bought a book of the Spheres for 810 gold pieces
 21396 | Orc:2    | Bought a book of Winter for 510 gold pieces
 21401 | Orc:2    | Bought a potion of magic for 136 gold pieces
 21401 | Orc:2    | Bought a potion of heal wounds for 85 gold pieces
 21401 | Orc:2    | Bought a potion of invisibility for 136 gold pieces
 21401 | Orc:2    | Bought a potion of heal wounds for 85 gold pieces
 21401 | Orc:2    | Bought a potion of mutation for 136 gold pieces
 21401 | Orc:2    | Bought a potion of haste for 170 gold pieces
 21463 | Orc:2    | Learned a level 5 spell: Metabolic Englaciation
 21993 | D:8      | You fall into a shaft and drop 1 floor!
 22250 | D:8      | Found Dobrynya's Dragon-Slaying Spoils.
 22257 | D:8      | Bought +1 pearl dragon scales for 1153 gold pieces
 22425 | D:10     | Found a transporter.
 22569 | D:10     | Killed mbeke's ghost
 22823 | D:7      | Killed alcopop's ghost
 23017 | D:4      | Killed mort's ghost
 23314 | D:13     | Learned a level 7 spell: Orb of Destruction
 23617 | D:13     | Reached skill level 13 in Spellcasting
 23632 | D:13     | Reached skill level 15 in Conjurations
 23833 | D:13     | Found a gate to the Vaults.
 24024 | D:13     | Identified the +2 robe of Past Mistakes {+Blink rElec rF-
                  | rN+++}
 24617 | D:14     | Reached XP level 16. HP: 137/157 MP: 33/33
 25149 | D:15     | Entered Level 15 of the Dungeon
 25150 | D:15     | Found a staircase to the Depths.
 25381 | D:15     | Noticed Josephine
 25384 | D:15     | Killed Josephine
 25475 | D:15     | Found Zufeb's Book Emporium.
 25494 | D:15     | Noticed Nessos
 25496 | D:15     | Noticed Agnes
 25497 | D:15     | Killed Nessos
 25603 | D:15     | Killed Agnes
 26067 | D:15     | Acquired 878 gold pieces
 26305 | Elf:1    | Entered Level 1 of the Elven Halls
 26504 | Orc:1    | Bought the +3 warlock's mirror {reflect} for 1560 gold
                  | pieces
 26504 | Orc:1    | Found the +3 warlock's mirror {reflect}
 26652 | Elf:1    | Reached skill level 14 in Spellcasting
 27126 | Elf:1    | Reached XP level 17. HP: 151/168 MP: 13/35
 27511 | Elf:1    | Reached skill level 15 in Fighting
 27973 | Elf:1    | Found Bynwuhuizuapn's Magic Scroll Shop.
 27981 | Elf:1    | Bought a scroll of teleportation for 48 gold pieces
 27981 | Elf:1    | Bought a scroll of teleportation for 48 gold pieces
 27981 | Elf:1    | Bought a scroll of teleportation for 48 gold pieces
 28080 | Elf:2    | Paralysed by an air elemental for 1 turns
 28152 | Elf:2    | Reached skill level 15 in Spellcasting
 28642 | Elf:2    | Found a huge runed translucent gate.
 28643 | Elf:2    | Found a huge runed translucent gate.
 28645 | Elf:2    | Found a huge runed translucent gate.
 28646 | Elf:2    | Found a huge runed translucent gate.
 28647 | Elf:2    | Found a huge runed translucent gate.
 28890 | Elf:2    | Noticed a deep elf blademaster
 28894 | Elf:2    | Killed a deep elf blademaster
 29067 | Elf:2    | Identified the +4 bardiche of Dudelaeps {vorpal, rPois
                  | Int+4}
 29401 | Elf:3    | Entered Level 3 of the Elven Halls
 29405 | Elf:3    | Found a runed translucent gate.
 29641 | Elf:3    | Paralysed by an air elemental for 1 turns
 29645 | Elf:3    | Paralysed by an air elemental for 1 turns
 29812 | Elf:3    | Reached XP level 18. HP: 50/181 MP: 4/37
 29935 | Elf:3    | Found a runed translucent gate.
 29935 | Elf:3    | Found a runed translucent gate.
 29942 | Elf:3    | Noticed Dazed's ghost (adept VSFi)
 29959 | Elf:3    | Found a viscous altar of Jiyva.
 29992 | Elf:3    | Found Zoohu's Assorted Antiques.
 29996 | Elf:3    | Bought a scroll of teleportation for 114 gold pieces
 29996 | Elf:3    | Bought a scroll of blinking for 285 gold pieces
 29996 | Elf:3    | Bought a potion of curing for 114 gold pieces
 29996 | Elf:3    | Bought a potion of curing for 114 gold pieces
 29996 | Elf:3    | Bought a potion of curing for 114 gold pieces
 29996 | Elf:3    | Bought a potion of curing for 114 gold pieces
 30313 | Elf:3    | Paralysed by an air elemental for 1 turns
 30383 | Elf:3    | Noticed a deep elf blademaster
 30386 | Elf:3    | Killed a deep elf blademaster
 30429 | Elf:3    | Reached skill level 16 in Spellcasting
 30430 | Elf:3    | Paralysed by an air elemental for 1 turns
 30439 | Elf:3    | Paralysed by an air elemental for 1 turns
 31039 | Elf:3    | Identified the +0 scale mail "Cuvouhy" {+Inv rElec}
 31048 | Elf:3    | Identified the +1 robe of Filth {rCorr}
 31224 | Elf:3    | Identified the ring of Dithmenos's Approval {Fly Dex+2}
 31449 | Elf:3    | Upgraded the game from 0.28-a0-871-g5db232d to
                  | 0.28-a0-872-g80cf859
 31562 | Elf:3    | Got Miafumn's Thorough Guide to Witchcraft
 31567 | Elf:3    | Identified the +4 swamp dragon scales of Virtue {rPois
                  | Will++ Int+4 SInv}
 31584 | Elf:3    | Identified the +1 chain mail of Vlad {rF+ Will+ Int-5
                  | Stlth+}
 31644 | Elf:3    | Got the Grimoire of Bewitching Air
 32210 | Elf:3    | Killed Dazed's ghost
 32657 | Snake:1  | Entered Level 1 of the Snake Pit
 32725 | Snake:1  | Reached skill level 1 in Axes
 33054 | Snake:1  | Noticed Rupert
 33066 | Snake:1  | Killed Rupert
 33108 | Snake:1  | Reached skill level 5 in Axes
 33129 | Snake:1  | Reached XP level 19. HP: 166/195 MP: 38/39
 33141 | Snake:1  | Learned a level 8 spell: Ignition
 33159 | Snake:1  | Learned a level 9 spell: Polar Vortex
 33298 | Snake:1  | Found Qimpamoh's Assorted Antiques.
 33884 | Snake:1  | Reached XP level 20. HP: 204/204 MP: 40/40
 34015 | Snake:2  | Noticed Mlioglotl
 34633 | Snake:2  | Killed Mlioglotl
 35298 | Snake:3  | Noticed Vashnia
 35300 | Snake:3  | Noticed Asterion
 35458 | Snake:3  | Killed Asterion
 35496 | Snake:3  | Killed Vashnia
 35561 | Snake:3  | Found Noaxt's Magic Scroll Emporium.
 35596 | Snake:3  | Bought a scroll of teleportation for 45 gold pieces
 35627 | Snake:3  | Reached skill level 17 in Spellcasting
 36168 | Snake:3  | Found Ceoxt's Jewellery Shoppe.
 36168 | Snake:3  | Found Daqaro's General Store.
 36170 | Snake:3  | Found Ponurph's Assorted Antiques.
 36176 | Snake:3  | Bought a potion of heal wounds for 210 gold pieces
 36176 | Snake:3  | Bought a wand of acid (11) for 336 gold pieces
 36176 | Snake:3  | Found Ebu Ryroc's Book Emporium.
 36189 | Snake:3  | Bought a scroll of teleportation for 51 gold pieces
 36590 | Snake:4  | Entered Level 4 of the Snake Pit
 36929 | Snake:4  | Identified the +1 robe of the Constellations {Str+2}
 37286 | Snake:4  | Found Omudi's Distillery.
 37297 | Snake:4  | Bought a potion of curing for 42 gold pieces
 37297 | Snake:4  | Bought a potion of haste for 140 gold pieces
 37297 | Snake:4  | Bought a potion of curing for 42 gold pieces
 37297 | Snake:4  | Bought a potion of magic for 112 gold pieces
 37297 | Snake:4  | Bought a potion of curing for 42 gold pieces
 37297 | Snake:4  | Bought a potion of lignification for 42 gold pieces
 37297 | Snake:4  | Bought a potion of lignification for 42 gold pieces
 37297 | Snake:4  | Bought a potion of lignification for 42 gold pieces
 37902 | Snake:4  | Reached skill level 10 in Axes
 37927 | Snake:4  | Reached XP level 21. HP: 212/212 MP: 29/42
 38400 | Snake:4  | Got a serpentine rune of Zot
 38502 | Snake:4  | Acquired 788 gold pieces
 38905 | Swamp:1  | Entered Level 1 of the Swamp
 39161 | Swamp:1  | Noticed Nikola
 39221 | Swamp:1  | Killed Nikola
 39242 | Swamp:1  | Noticed Jorgrun
 39249 | Swamp:1  | Killed Jorgrun
 39805 | Swamp:2  | Found a frozen archway.
 39813 | IceCv    | Entered an ice cave
 40436 | IceCv    | Identified the +0 hat of Blue Skies {rN+ rCorr}
 40720 | IceCv    | Found a viscous altar of Jiyva.
 40747 | IceCv    | Identified the ring "Taent" {Wiz rCorr Str+4}
 40757 | IceCv    | Identified the ring of Ullyhyn {rF+ rC+++ rN+ SInv}
 41083 | Swamp:2  | Identified the +5 long sword of Oenomania {freeze, Str+2}
 42093 | Swamp:3  | Reached skill level 18 in Spellcasting
 42248 | Swamp:4  | Entered Level 4 of the Swamp
 43026 | Swamp:4  | Reached XP level 22. HP: 202/220 MP: 35/44
 43241 | Swamp:4  | Got a decaying rune of Zot
 43789 | Depths:1 | Entered Level 1 of the Depths
 44122 | Depths:1 | Found a gateway to Hell.
 44914 | Depths:2 | Found a gateway to a ziggurat.
 45511 | Depths:2 | Found a sacrificial altar of Ru.
 45538 | Depths:2 | Reached skill level 15 in Axes
 45592 | Depths:2 | Reached skill level 15 in Ice Magic
 45683 | Depths:2 | Found a one-way gate leading to the halls of Pandemonium.
 45696 | Depths:2 | Gained mutation: You are weak. (Str -2) [mutagenic glow]
 45705 | Depths:2 | Gained mutation: You do not regenerate when monsters are
                  | visible. [mutagenic glow]
 45721 | Depths:2 | Gained mutation: Your body sometimes deteriorates upon
                  | taking damage. [mutagenic glow]
 45736 | Depths:2 | Gained mutation: You passively dampen the noise of your
                  | surroundings. [mutagenic glow]
 46169 | Depths:3 | HP: 11/220 [disintegration (78)]
 46355 | Depths:3 | Found a transporter.
 46519 | Depths:3 | Identified the +0 ring mail of Fedhas's Anger {+Inv rF+
                  | rC++ Str+2}
 46545 | Depths:3 | Noticed a caustic shrike
 46556 | Depths:3 | Killed a caustic shrike
 46558 | Depths:3 | Reached skill level 19 in Spellcasting
 46572 | Depths:3 | Reached XP level 23. HP: 104/228 MP: 19/46
 46742 | Depths:3 | Noticed a juggernaut
 47256 | Depths:4 | Entered Level 4 of the Depths
 47420 | Depths:4 | Found a gate to the Realm of Zot.
 47420 | Depths:4 | Noticed a golden dragon
 47420 | Depths:4 | Noticed a golden dragon
 47429 | Depths:4 | Killed a golden dragon
 47437 | Depths:4 | Killed a golden dragon
 47589 | Depths:4 | Found Yqo Laf's Firing Range.
 48066 | Depths:4 | Found a radiant altar of Vehumet.
 48095 | Depths:4 | Noticed a golden dragon
 48103 | Depths:4 | Killed a golden dragon
 48639 | Vaults:1 | Entered Level 1 of the Vaults
 49125 | Vaults:1 | Found Sioculem's Jewellery Boutique.
 49215 | Vaults:1 | Found Juthrost's Jewellery Emporium.
 49721 | Vaults:1 | Found Beonasseo's Magic Scroll Emporium.
 49907 | Vaults:1 | Found Desiuw's General Store.
 50039 | Vaults:1 | Found Ulekyon's Jewellery Boutique.
 50051 | Vaults:1 | Bought the amulet of Impatience {RegenMP rElec} for 792
                  | gold pieces
 50247 | Vaults:2 | Found a crumbling gateway.
 50258 | Desolati | Entered the Desolation of Salt
 50351 | Desolati | Identified the ring "Utaisu Otoemp" {Wiz Dex+6}
 50566 | Desolati | Reached XP level 24. HP: 190/236 MP: 43/46
 50685 | Desolati | Found the +7 great mace "Undeadhunter" {disrupt, rN+}
 50703 | Desolati | Reached skill level 20 in Spellcasting
 50872 | Desolati | Got Qutej's Volume of the Earthen Entourage
 50978 | Desolati | Got the Papyrus of Sinister Rituals
 51044 | Desolati | Got the Volume of Summoning
 51319 | Desolati | Identified the +11 war axe of a ziggurat {freeze, rElec}
 51503 | Desolati | Identified the ring of Hepigaud {Str+6 Stlth+}
 51532 | Desolati | Identified the +7 ring mail "Qiolaxt" {Str+7 Int-2}
 51591 | Desolati | Identified the +4 ring mail of Yqivveng {rElec}
 52311 | Vaults:2 | Found Arrol's Distillery.
 52315 | Vaults:2 | Bought a potion of heal wounds for 65 gold pieces
 52315 | Vaults:2 | Bought a potion of lignification for 39 gold pieces
 52315 | Vaults:2 | Bought a potion of lignification for 39 gold pieces
 52315 | Vaults:2 | Bought a potion of curing for 39 gold pieces
 52315 | Vaults:2 | Bought a potion of curing for 39 gold pieces
 52315 | Vaults:2 | Bought a potion of berserk rage for 65 gold pieces
 52411 | Vaults:2 | Noticed Donald
 52421 | Vaults:2 | Killed Donald
 52592 | Vaults:2 | Acquired the +10 war axe of Ahitogeph {flame, rC+ Will+
                  | Str+7}
 52984 | Vaults:3 | Reached skill level 21 in Spellcasting
 52994 | Vaults:3 | Lost mutation: Your body sometimes deteriorates upon taking
                  | damage. [potion of mutation]
 52994 | Vaults:3 | Lost mutation: You do not regenerate when monsters are
                  | visible. [potion of mutation]
 52994 | Vaults:3 | Gained mutation: You have hidden genetic potential. [potion
                  | of mutation]
 52994 | Vaults:3 | Gained mutation: You are resistant to electric shocks.
                  | (rElec) [potion of mutation]
 52994 | Vaults:3 | Gained mutation: You are clumsy. (Dex -2) [potion of
                  | mutation]
 53836 | Vaults:3 | Reached XP level 25. HP: 236/244 MP: 26/48
 53913 | Vaults:3 | Found a staircase to the Crypt.
 54692 | Vaults:4 | Noticed Jory
 54700 | Vaults:4 | Killed Jory
 54884 | Vaults:4 | Found Ulakafant's Assorted Antiques.
 54890 | Vaults:4 | Identified the +2 leather armour of Dramatic Exits {Str+7
                  | Int+4}
 54900 | Vaults:4 | Bought a fine steel ring for 135 gold pieces
 54900 | Vaults:4 | Identified the ring "Wuykhl Woeh" {Fly rC- Str+4 Int+2
                  | Dex+6} (You bought it in a shop on level 4 of the Vaults)
 54980 | Vaults:4 | Noticed Aizul
 54986 | Vaults:4 | Killed Aizul
 55162 | Vaults:4 | Reached skill level 22 in Spellcasting
 55748 | Vaults:4 | Acquired 745 gold pieces
 55781 | Vaults:5 | Entered Level 5 of the Vaults
 55781 | Vaults:5 | Noticed Boris
 55794 | Vaults:5 | Killed Boris
 55795 | Vaults:5 | Gained mutation: You have a pair of small horns on your
                  | head. [hidden potential]
 55989 | Vaults:5 | Noticed an ancient lich
 55995 | Vaults:5 | Killed an ancient lich
 56025 | Vaults:5 | Got a silver rune of Zot
 56117 | Vaults:5 | Noticed a dread lich
 56135 | Vaults:5 | Killed a dread lich
 56136 | Vaults:5 | Reached XP level 26. HP: 206/253 MP: 15/49
 56214 | Vaults:5 | Identified the ring of Vavom {rF+ rC+ rN+ Int+2 Dex-5}
 56316 | Vaults:5 | Identified the +10 mace "Earthworm" {flame, Dex+3}
 56393 | Vaults:5 | Reached skill level 23 in Spellcasting
 57056 | Vaults:5 | Identified the +1 robe of Time Monsters {rElec rPois Dex+3
                  | Archmagi}
 57668 | Vaults:5 | Identified the +10 double sword of Gluttony {flame, rPois
                  | rF+ rC+}
 57739 | Vaults:4 | Identified the +6 hand crossbow of the Battered Youths
                  | {penet, Str-2 Int+6}
 57782 | Vaults:4 | Identified the +0 pair of gloves of Rotation {Drain Dex+6
                  | SInv}
 57784 | Vaults:4 | Acquired 997 gold pieces
 58244 | Snake:3  | Bought a book of Death for 660 gold pieces
 58742 | Zig:1    | Entered Level 1 of a ziggurat
 58742 | Zig:1    | Noticed Salul the pandemonium lord
 58745 | Zig:1    | Killed Salul the pandemonium lord
 58800 | Zig:2    | Entered Level 2 of a ziggurat
 58827 | Zig:3    | Entered Level 3 of a ziggurat
 58848 | Zig:3    | Identified the +7 plate armour "Kyegg" {rC- rCorr Dex+4}
 58869 | Zig:4    | Entered Level 4 of a ziggurat
 58879 | Zig:4    | Identified the amulet of the Marlin {Reflect rC+ Regen+
                  | SH+5 Stlth+}
 58906 | Zig:5    | Entered Level 5 of a ziggurat
 58907 | Zig:5    | Noticed a Killer Klown
 58912 | Zig:5    | Killed a Killer Klown
 58924 | Zig:5    | Got the Almanac of the Lumpy Defenders
 58954 | Zig:6    | Entered Level 6 of a ziggurat
 58955 | Zig:6    | Noticed Gomish the pandemonium lord
 58958 | Zig:6    | Killed Gomish the pandemonium lord
 58978 | Zig:6    | Gained mutation: You are robust. (+10% HP) [hidden
                  | potential]
 58978 | Zig:6    | Lost mutation: You have hidden genetic potential. [hidden
                  | potential expressed]
 59006 | Zig:7    | Entered Level 7 of a ziggurat
 59009 | Zig:7    | Noticed a Killer Klown
 59010 | Zig:7    | Noticed a Killer Klown
 59018 | Zig:7    | Killed a Killer Klown
 59018 | Zig:7    | Killed a Killer Klown
 59056 | Zig:7    | Identified the ring of Nifesare {Fire rElec Dex+4}
 59063 | Zig:8    | Entered Level 8 of a ziggurat
 59150 | Zig:9    | Entered Level 9 of a ziggurat
 59158 | Zig:9    | Found the +15 Maxwell's patent armour {-Cast -Tele rElec
                  | Will+ rCorr}
 59162 | Zig:9    | Reached skill level 24 in Spellcasting
 59174 | Zig:9    | Identified the +8 short sword of Spores {antimagic, rN++
                  | Stlth-}
 59241 | Zig:10   | Entered Level 10 of a ziggurat
 59248 | Zig:10   | Noticed a royal mummy
 59249 | Zig:10   | Noticed a royal mummy
 59256 | Zig:10   | Killed a royal mummy
 59258 | Zig:10   | Killed a royal mummy
 59365 | Zig:10   | Learned a level 8 spell: Necromutation
 59366 | Zig:11   | Entered Level 11 of a ziggurat
 59374 | Zig:11   | Paralysed by an air elemental for 1 turns
 59378 | Zig:11   | Paralysed by an air elemental for 1 turns
 59381 | Zig:11   | Reached XP level 27. HP: 203/286 MP: 44/51
 59415 | Zig:11   | Identified the +4 hand crossbow of Truncation {elec, Str+2}
 59418 | Zig:11   | Got Gunudd's Handbook of Shifting Cold
 59447 | Zig:12   | Entered Level 12 of a ziggurat
 59533 | Zig:12   | Got the Guide on Ashen Toxins
 59546 | Zig:12   | Identified the +7 war axe "Fiegitil" {vamp, rElec rC+
                  | Stlth+}
 59552 | Zig:12   | Identified the ring of Acri {Wiz rC++ Will- Str+5}
 59590 | Zig:13   | Entered Level 13 of a ziggurat
 59601 | Zig:13   | Noticed an ancient lich
 59605 | Zig:13   | Reached skill level 1 in Necromancy
 59608 | Zig:13   | Killed an ancient lich
 59706 | Zig:13   | Got the Reference Book on the Snowflakes and Dislocation
 59741 | Zig:13   | Identified the +6 trident of Flawed Execution {pain, Fly}
 59744 | Zig:14   | Entered Level 14 of a ziggurat
 59755 | Zig:14   | Noticed a dread lich
 59755 | Zig:14   | Noticed an ancient lich
 59757 | Zig:14   | Noticed an ancient lich
 59757 | Zig:14   | Noticed a dread lich
 59760 | Zig:14   | Killed a dread lich
 59762 | Zig:14   | Killed an ancient lich
 59768 | Zig:14   | Killed a dread lich
 59768 | Zig:14   | Killed an ancient lich
 59863 | Zig:14   | Identified the +5 falchion of Focus {protect, *Slow Fly
                  | rPois rF+++ rC++}
 59865 | Zig:14   | Identified the +0 chain mail of Theory {Str+6 Int-2 Dex+3}
 59869 | Zig:15   | Entered Level 15 of a ziggurat
 59873 | Zig:15   | Noticed a juggernaut
 59878 | Zig:15   | Noticed a juggernaut
 59879 | Zig:15   | Killed a juggernaut
 59879 | Zig:15   | Noticed a juggernaut
 59880 | Zig:15   | Reached skill level 5 in Necromancy
 59883 | Zig:15   | Killed a juggernaut
 59883 | Zig:15   | Noticed a juggernaut
 59892 | Zig:15   | Killed a juggernaut
 59892 | Zig:15   | Killed a juggernaut
 59967 | Zig:15   | Identified the ring "Meprug" {rC++ rN+ Str+6}
 60049 | Zig:15   | Reached skill level 25 in Spellcasting
 60060 | Zig:15   | Identified the +1 quick blade "Piticero" {flame, Will+}
 60083 | Zig:16   | Entered Level 16 of a ziggurat
 60098 | Zig:16   | Paralysed by an air elemental for 1 turns
 60103 | Zig:16   | Reached skill level 10 in Necromancy
 60241 | Zig:16   | Identified the +7 dagger of the Freezing Stork {drain, Fly
                  | rPois rCorr}
 60246 | Zig:16   | Identified the +6 flail of Dullness {flame, rF- rN+ Str+6}
 60259 | Zig:17   | Entered Level 17 of a ziggurat
 60339 | Zig:17   | Noticed a dread lich
 60345 | Zig:17   | Noticed a dread lich
 60355 | Zig:17   | Lost mutation: You are robust. (+10% HP) [mutagenic glow]
 60457 | Zig:17   | Killed a dread lich
 60472 | Zig:17   | Killed a dread lich
 60541 | Zig:17   | Identified the +3 ring mail "Kezuos" {Int+4 Dex-3}
 60552 | Zig:17   | Identified the ring of Ryner {*Slow rCorr EV+4 Dex+5
                  | Stlth+}
 60662 | Zig:17   | Learned a level 8 spell: Infestation
 60674 | Zig:17   | Learned a level 8 spell: Ignition
 60684 | Zig:18   | Entered Level 18 of a ziggurat
 60703 | Zig:18   | Reached skill level 1 in Transmutations
 60704 | Zig:18   | Reached skill level 26 in Spellcasting
 60708 | Zig:18   | Found the +4 dagger "Morg" {pain, Will+ Int+5}
 60800 | Zig:18   | Identified the ring of Eqekk {Fly rElec rF+++ rC+ Dex-4}
 60808 | Zig:18   | Identified the +0 scale mail of the Wild Haggis {SInv}
 60922 | Zig:19   | Entered Level 19 of a ziggurat
 60939 | Zig:19   | Noticed an ancient lich
 60939 | Zig:19   | Found the +2 Maxwell's thermic engine {flame, freeze}
 61086 | Zig:19   | Killed an ancient lich
 61087 | Zig:19   | Reached skill level 5 in Transmutations
 61373 | Zig:19   | Identified the +1 robe "Bizaw" {rF++ rCorr Dex-2 Slay+3}
 61481 | Zig:19   | Identified the +9 quarterstaff of Ammoseff {drain, Dex+3}
 61482 | Zig:19   | Identified the +5 great mace of Irritation {pain, rC++}
 61519 | Zig:20   | Entered Level 20 of a ziggurat
 61526 | Zig:20   | Noticed a juggernaut
 61528 | Zig:20   | Noticed a juggernaut
 61535 | Zig:20   | Killed a juggernaut
 61542 | Zig:20   | Noticed a juggernaut
 61544 | Zig:20   | Noticed a juggernaut
 61545 | Zig:20   | Noticed a juggernaut
 61553 | Zig:20   | Killed a juggernaut
 61553 | Zig:20   | Killed a juggernaut
 61556 | Zig:20   | Killed a juggernaut
 61560 | Zig:20   | Killed a juggernaut
 61734 | Zig:20   | Identified the +5 broad axe of Supply {pain, rPois Str+8}
 61746 | Zig:20   | Identified the +7 trident of the Cup {flame, rPois rF+}
 61818 | Zig:21   | Entered Level 21 of a ziggurat
 61935 | Zig:21   | Got Rauskil's Grimoire of the Quantum Blaze
 62027 | Zig:21   | Acquired the +9 staff of Wucad Mu {*channel}
 62027 | Zig:21   | Found the +9 staff of Wucad Mu {*channel}
 62079 | Zig:21   | Acquired 888 gold pieces
 62085 | Zig:22   | Entered Level 22 of a ziggurat
 62103 | Zig:22   | Noticed a juggernaut
 62105 | Zig:22   | Noticed a juggernaut
 62107 | Zig:22   | Noticed a juggernaut
 62108 | Zig:22   | Killed a juggernaut
 62114 | Zig:22   | Killed a juggernaut
 62128 | Zig:22   | Noticed a juggernaut
 62182 | Zig:22   | Killed a juggernaut
 62183 | Zig:22   | Reached skill level 27 in Spellcasting
 62226 | Zig:22   | Killed a juggernaut
 62445 | Zig:22   | Identified the amulet of Hoonniem {RegenMP rF+ Str+3}
 62460 | Zig:22   | Got the Volume of Ghastly Moulding
 62463 | Zig:22   | Identified the amulet "Isatoada" {RegenMP rF+}
 62479 | Zig:22   | Identified the ring "Ukluth" {rCorr Str+6 Dex+2}
 62491 | Zig:22   | Identified the +3 short sword of Chaos {freeze, Int+2}
 62604 | Zig:23   | Entered Level 23 of a ziggurat
 62629 | Zig:23   | Reached skill level 10 in Transmutations
 62631 | Zig:23   | Reached skill level 15 in Necromancy
 62675 | Zig:23   | Paralysed by a floating eye for 4 turns
 62703 | Zig:23   | Noticed a dread lich
 62705 | Zig:23   | Noticed an ancient lich
 62712 | Zig:23   | Killed a dread lich
 62712 | Zig:23   | Killed an ancient lich
 62717 | Zig:23   | Noticed a dread lich
 62757 | Zig:23   | Noticed a dread lich
 62766 | Zig:23   | HP: 13/277 [vault warden (5)]
 62840 | Zig:23   | Killed a dread lich
 62928 | Zig:23   | Killed a dread lich
 63298 | Zig:23   | Identified the +6 lajatang of Parts Unknown {flame, Fly rC+
                  | Dex+4}
 63299 | Zig:23   | Identified the +3 shortbow of Responsibility {venom, Str+4
                  | Dex+3}
 63301 | Zig:23   | Identified the +9 falchion of Greed {vorpal, Int+4 Dex-3
                  | SInv}
 63306 | Zig:24   | Entered Level 24 of a ziggurat
 63371 | Zig:24   | Reached skill level 1 in Fire Magic
 63407 | Zig:24   | Paralysed by a wendigo for 1 turns
 63435 | Zig:24   | Noticed an ancient lich
 63445 | Zig:24   | HP: 13/279 [hellion/damnation (18)]
 63448 | Zig:24   | Killed from afar by a shard shrike

Illustrated notes

Levels and vault maps discovered:
D:1:      matt_arrival_refuge, layout_basic, nicolae_figureground_sparkle
D:2:      layout_basic, hangedman_decor_diamond_cutter, st_stairs_1,
          minmay_tree_intersection, uniq_terence, uniq_natasha,
          uniq_crazy_yiuf_cottage
D:3:      cheibrodos_greedy_goblins, layout_basic, mainiacjoe_overflow_catwalk,
          ebering_ecumenical_altar_mist, uniq_ijyb, uniq_jessica, uniq_robin
D:4:      layout_basic, gammafunk_ghost_icy, cheibrodos_sewer_entry_sluice,
          uniq_edmund
D:5:      layout_layer_cave, nicolae_overflow_hidden_temple,
          lemuel_doored_altar, nicolae_overflow_crystal_walls,
          jmf_multi_god_temple, minmay_temple_entry_glassed_door, uniq_eustachio
D:6:      nicolae_cairo_tiling_large_dashed, layout_basic,
          nicolae_hepliaklqana_monster_ancestors, minmay_misc_feat_pillars
D:7:      layout_basic, evilmike_ruin_ashenzari, enter_bailey_8,
          ebering_ghost_rock_garden, minmay_misc_feat_alley,
          kennysheep_generic_room_9
D:8:      layout_gridville, mainiacjoe_overflow_24_doors,
          nicolae_shop_dragon_depot
D:9:      layout_layer_cave, tgw_sif, mainiacjoe_overflow_alcove_4
D:10:     layout_stronghold, mainiacjoe_overflow_surrounded_room,
          dpeg_oklobed_lair, erik_orc_1, gammafunk_ghost_abyssal_escape
D:11:     layout_irregular_city
D:12:     minmay_inside_and_out, layout_basic, ebering_ghost_disaster_area,
          minivault_8
D:13:     layout_roguey, hangedman_vaults_entry_quadrant_bands,
          david_defended_altar_orc
D:14:     kennysheep_funnel, layout_cave_pods, hangedman_decor_opposing,
          kennysheep_generic_room_16
D:15:     grunt_enter_depths_giant_problem, layout_basic, serial_shops,
          nicolae_lakefront_shop, minmay_misc_feat_hallway, uniq_josephine,
          uniq_nessos, uniq_agnes
Temple:   eino_wide_crystal_templ
Lair:1:   layout_roguey [special_room_bee], grunt_megastairs_3, uniq_maggie
Lair:2:   layout_chaotic_city, palyth_hydra_swamp_entry, uniq_sonja
Lair:3:   layout_regular_city, grunt_forest_large_clearings
Lair:4:   layout_gridlike, minmay_snake_entry_guardpost_small,
          lightli_volcano_entry_magma_tube
Lair:5:   layout_small_grid, slime_altar_1
Lair:6:   grunt_lair_end_beastmaster, layout_loops_ring, grunt_megastairs_5
Swamp:1:  layout_falls_marsh, evilmike_swamp_ruin_house_6,
          infiniplex_staircase_pool_2, uniq_jorgrun, uniq_nikola
Swamp:2:  layout_basic_swamp, portal_ice_cave_entry_pillars_1,
          evilmike_swamp_ruin_rubble_2
Swamp:3:  layout_basic_swamp, evilmike_swamp_ruin_house_3, swamp_pool1
Swamp:4:  swamp_alternative, layout_basic_swamp, swamp_pool2
Snake:1:  layout_chambers, serial_shops, shop, uniq_rupert
Snake:2:  layout_concentric_octagons, uniq_mlioglotl
Snake:3:  layout_layer_cave, serial_shops, nicolae_shop_advertising_works
          [nicolae_subvault_shop_adworks], minmay_shoptagon, uniq_asterion,
          uniq_vashnia
Snake:4:  johnstein_snake_rune_scales, layout_grid_shapes, serial_shops, shop,
          serial_bayou_shore_b
Orc:1:    layout_caves, serial_shops, shop
Orc:2:    st_orc_rangers, layout_caves, uniq_maurice
Elf:1:    minmay_elf_arrival_circle, layout_loops_cross, serial_shops,
          nicolae_square_shop, minivault_28, corner_web_ring,
          nicolae_elf_variegated_diamond
Elf:2:    elven_hall_of_blades_hangedman_alternative
          [mumra_blade_entry_bloodbath], layout_gridlike,
          minmay_misc_feat_diagonals, kb_rosetta
Elf:3:    minmay_elf_hall_spiked, layout_geoelf_castle, serial_shops, shop,
          gammafunk_ghost_ooze
Vaults:1: v_misc_4, hangedman_vaults_stagger,
          hangedman_vaults_stretched_pinwheel, vaults_room_fancy_cross,
          st_lines, nicolae_vaults_network_square, v_pattern_5,
          vaults_standard_mumra_x, v_misc_15, vaults_mumra_chevron,
          ontoclasm_vaults_gateway, layout_vaults_big_cross, serial_shops,
          nicolae_diamond_shop, shop, shop_scrolls, nicolae_shop_stone, shop
Vaults:2: portal_desolation_entry_nicolae_slug, nicolae_vaults_asterisk,
          hangedman_vaults_corner_blocks, v_rooms_4, v_misc_18,
          vaults_room_pool, vaults_room_door_ring, hangedman_vaults_trim,
          grunt_vaults_focal, grunt_vaults_twisty, vaults_room_corners,
          nicolae_vaults_display_case, nicolae_vaults_network_star,
          layout_vaults_ring, serial_shops, shop, uniq_donald
Vaults:3: st_diamondy, grunt_vaults_swirl, blue_anna_dwarven_crypt,
          vaults_room_grunt_arrival_ludios, v_misc_1, hangedman_vaults_impose,
          layout_vaults_chaotic_city
Vaults:4: nicolae_vaults_border_crossing, nicolae_vaults_three_branches,
          v_alt_pattern_3, st_greater_box_3, ontoclasm_vaults_fault,
          nicolae_vaults_little_squares_3, v_misc_8, vaults_room_corners,
          hangedman_vaults_stitches, hangedman_vaults_trim,
          nicolae_vaults_big_ls, vaults_dpeg_cross, vaults_room_grid, v_misc_14,
          grunt_vaults_hallway_short, grunt_vaults_hallway_short,
          layout_vaults_maze_bifur, serial_shops, shop, uniq_aizul, uniq_jory
Vaults:5: uniq_boris
Depths:1: layout_gridlike, abyss_entry, serial_curves, eino_curves_04,
          eino_curves_03, hell_entry, minmay_fractal_squares_diagonal_5
Depths:2: minmay_spriggan_fort, layout_long_grid, enter_ziggurat_d,
          abyss_entry_crystal, hell_entry, chequers_serial_rivers_micro_c,
          grunt_pan_entry_spiral, hangedman_ru_absence,
          minmay_staircase_windowed_small
Depths:3: emtedronai_trogs_sanctum, layout_cave_pools, grunt_decor_arrowhead,
          abyss_entry_small_statue_room, grunt_metal_band, grunt_potential,
          infiniplex_staircase_zigzag_4, serial_bayou_shore_b
Depths:4: grunt_twist_and_shout, layout_honeycomb, nicolae_vehumet_radiance,
          pf_hell_entry_tar_river, nicolae_shop_firing_range
Zig:24:   ziggurat_pillar_centre_dispersal, ziggurat_pillar_centre_dispersal,
          ziggurat_pillar_centre_dispersal, ziggurat_pillar_centre_dispersal

Skill      XL: |  1  2  3  4  5  6  7  8  9 10 11 12 13 14 15 16 17 18 19 20 21 22 23 24 25 26 27 |
---------------+----------------------------------------------------------------------------------+-----
Spellcasting   | 3 4 5 6 7 8 9 10 12 13 14 15 16 17 18 19 21 22 24 27 | 27.0
Ice Magic      | 5 6 7 8 9 10 11 12 14 15 16 18 20 23 24 | 24.1
Fighting       | 2 5 7 8 9 11 12 13 14 16 18 22 | 22.4
Shields        | 2 4 6 7 9 |  9.0
Conjurations   | 2 3 5 6 8 10 14 15 16 17 18 | 18.1
Axes           | 5 10 13 15 18 | 18.0
Necromancy     | 16 | 16.1
Transmutations | 11 | 11.8
Fire Magic     | 2 |  2.6
Dodging        | |  1.5
Stealth        | |  3.0

Action                   |  1- 3 |  4- 6 |  7- 9 | 10-12 | 13-15 | 16-18 | 19-21 | 22-24 | 25-27 || total
-------------------------+-------+-------+-------+-------+-------+-------+-------+-------+-------++-------
Melee: Mace              |     4 |       |       |       |       |       |       |       |       ||     4
       Hand axe          |       |    12 |       |       |       |       |       |       |       ||    12
       Whip              |       |    16 |   178 |   458 |  1006 |   231 |       |       |       ||  1889
       Constrict         |       |       |       |       |   161 |    48 |    48 |   182 |   120 ||   559
       Broad axe         |       |       |       |       |       |     9 |   347 |   709 |       ||  1065
       War axe           |       |       |       |       |       |       |       |   302 |   645 ||   947
       Headbutt          |       |       |       |       |       |       |       |       |   107 ||   107
Throw: Dart              |       |       |     6 |       |     2 |       |       |       |       ||     8
       Javelin           |       |       |       |       |       |       |     1 |       |       ||     1
 Cast: Freeze            |    17 |    14 |    43 |     7 |     1 |       |       |       |       ||    82
       Frozen Ramparts   |     3 |    13 |    37 |    55 |    67 |    15 |     1 |     4 |       ||   195
       Ozocubu's Armour  |       |     6 |    14 |    35 |    46 |     7 |       |       |       ||   108
       Hailstorm         |       |       |    22 |    21 |     4 |       |       |       |       ||    47
       Orb of Destructio |       |       |       |       |    24 |   308 |   359 |   245 |   216 ||  1152
       Irradiate         |       |       |       |       |    17 |    38 |    53 |    70 |    70 ||   248
       Lightning Bolt    |       |       |       |       |     4 |       |       |       |       ||     4
       Metabolic Englaci |       |       |       |       |     2 |     5 |       |       |       ||     7
       Polar Vortex      |       |       |       |       |       |       |       |       |    43 ||    43
       Necromutation     |       |       |       |       |       |       |       |       |     1 ||     1
Invok: Call Merchant     |       |       |       |     3 |     2 |     1 |     1 |     2 |       ||     9
 Abil: Spit Poison       |    38 |    32 |    61 |    19 |     8 |       |       |     1 |     1 ||   160
Evoke: Wand              |       |       |    12 |     2 |     9 |       |     3 |     3 |     5 ||    34
  Use: Scroll            |     2 |       |     5 |    13 |    13 |    13 |     6 |     5 |    27 ||    84
       Potion            |       |       |     2 |     1 |     1 |     2 |     1 |     3 |    54 ||    64
 Stab: Sleeping          |       |       |     1 |     1 |     6 |       |     2 |       |       ||    10
       Distracted        |       |       |       |     2 |     7 |     1 |     2 |    19 |    11 ||    42
       Paralysed         |       |       |       |       |       |       |       |     4 |       ||     4
       Invisible         |       |       |       |       |       |       |       |       |     4 ||     4
Armor: Robe              |     1 |    13 |   169 |   440 |   886 |   175 |   273 |       |       ||  1957
       Skin              |       |       |       |       |    60 |       |       |       |       ||    60
       Leather armour    |       |       |       |       |       |       |   101 |   581 |   458 ||  1140
Dodge: Dodged            |    15 |    18 |   128 |   230 |   746 |   153 |   258 |   344 |   336 ||  2228
Block: Kite shield       |       |       |       |   278 |   805 |    44 |       |       |       ||  1127
       Buckler           |       |       |       |       |       |   157 |   252 |   444 |   330 ||  1183
       Reflection        |       |       |       |       |       |    48 |    48 |    62 |    64 ||   222

Table legend: (Time is in decaauts)
 A = Elapsed time spent in this place.
 B = Non-inter-level travel time spent in this place.
 C = Inter-level travel time spent in this place.
 D = Time resting spent in this place.
 E = Time spent auto-exploring this place.
 F = Levels seen in this place.
 G = Mean time per level.
                   A        B        C        D        E       F      G
               +--------+--------+--------+--------+--------+-----+--------+
         Total |  85376 |  77419 |   7957 |   7172 |  50184 |  73 | 1169.5 |
       Dungeon |  23783 |  19389 |   4394 |   1149 |  13850 |  15 | 1585.5 |
        Temple |    105 |     66 |     39 |      0 |     53 |   1 |  105.0 |
          Lair |   8768 |   7765 |   1003 |    152 |   5826 |   6 | 1461.3 |
         Swamp |   5090 |   4833 |    257 |    392 |   3548 |   4 | 1272.5 |
     Snake Pit |   8265 |   7863 |    402 |    846 |   5657 |   4 | 2066.2 |
  Orcish Mines |   2270 |   1985 |    285 |    428 |    773 |   2 | 1135.0 |
   Elven Halls |   7800 |   7527 |    273 |   1399 |   4336 |   3 | 2600.0 |
        Vaults |  10488 |   9535 |    953 |    158 |   6725 |   5 | 2097.6 |
        Depths |   6513 |   6165 |    348 |    393 |   4445 |   4 | 1628.2 |
      Ziggurat |   5908 |   5908 |      0 |    672 |   2534 |  24 |  246.2 |
         Sewer |    541 |    541 |      0 |     30 |    291 |   1 |  541.0 |
        Bailey |   1964 |   1964 |      0 |   1183 |    369 |   1 | 1964.0 |
      Ice Cave |   1260 |   1260 |      0 |    331 |    309 |   1 | 1260.0 |
       Volcano |    815 |    815 |      0 |     36 |    429 |   1 |  815.0 |
    Desolation |   1802 |   1802 |      0 |      0 |   1033 |   1 | 1802.0 |
               +--------+--------+--------+--------+--------+-----+--------+

Top non-repeatable levels by time:
   Elf:3: 3819 daAuts
    D:10: 3387 daAuts
 Snake:4: 2491 daAuts
Vaults:4: 2387 daAuts
Vaults:5: 2282 daAuts
 Snake:3: 2168 daAuts
   Elf:1: 2166 daAuts
     D:2: 2152 daAuts
Vaults:3: 2049 daAuts
     D:9: 2023 daAuts
    D:13: 2005 daAuts
Vaults:1: 2000 daAuts
  Bailey: 1964 daAuts
     D:7: 1914 daAuts
 Snake:1: 1909 daAuts
